 Dungeon Crawl Stone Soup version 0.32-a0-705-g60f233581c (webtiles) character file.

Game seed: 1208522864741055847

27255 910rd the Mimic (level 13, 0/107 HPs)
             Began as a Black Draconian Shapeshifter on Mar 14, 2024.
             Was an Elder of Yredelemnul.
             Slain by an elephant (2 damage)
             ... on level 5 of the Lair of Beasts.
             The game lasted 00:42:40 (15680 turns).

910rd the Mimic (Black Draconian Shapeshifter)     Turns: 15680, Time: 00:42:40

Health: 0/107      AC: 10    Str: 21    XL:     13   Next: 3%
Magic:  19/19      EV: 16    Int: 16    God:    Yredelemnul [****..]
Gold:   659        SH:  0    Dex: 12    Spells: 11/12 levels left

rFire   . .          .
                       - Unarmed
rCold   . . .        (shield currently unavailable)
rNeg    . . .        (body armour unavailable)
rPois   .            (helmet restricted)
rElec   +            G - +0 cloak
rCorr   .            (no gloves)
SInv    .            C - +0 pair of boots
Will    +....        M - amulet of the acrobat
Stlth   +            j - ring of willpower
HPRegen 0.37/turn    g - +6 ring of intelligence
MPRegen 0.16/turn

%: acrobat
@: flux-form, glowing
A: glow, contaminating, galvanic breath, AC +8, unfitting armour, electricity
resistance, cold-blooded
a: Galvanic Breath, Begin Untransformation, Renounce Religion, Light the Black
Torch, Recall Undead Harvest, Hurl Torchlight, Bind Soul


You were on level 5 of the Lair of Beasts.
You worshipped Yredelemnul.
Yredelemnul was aware of your devotion.
You were something dangerously unstable.
You visited 3 branches of the dungeon, and saw 15 of its levels.
You also visited: Sewer.

You collected 871 gold pieces.
You spent 212 gold pieces at shops.

Inventory:

Hand Weapons
 d - a +1 dagger of venom
 N - the +3 morningstar "Ceobrott" {chaos, rPois SInv}
   (You found it on level 5 of the Lair of Beasts)

   rPois:     It protects you from poison.
   SInv:      It lets you see invisible.
Missiles
 e - 7 poisoned darts (quivered)
 h - 3 throwing nets
 i - 4 silver javelins
 s - 9 javelins
Armour
 A - an orb of mayhem
 C - a +0 pair of boots (worn)
 G - a +0 cloak (worn)
Jewellery
 g - a +6 ring of intelligence (right hand)
 j - a ring of willpower (left hand)
 l - an amulet of magic regeneration
 w - a ring of see invisible
 M - an amulet of the acrobat (around neck)
Talismans
 b - a beast talisman
 c - a flux talisman (active)
 k - a storm talisman
Wands
 y - a wand of charming (3)
 z - a wand of iceblast (7)
 E - a wand of flame (29)
 K - a wand of polymorph (6)
 L - a wand of acid (6)
Scrolls
 m - 6 scrolls of teleportation
 q - 2 scrolls of fog
 r - a scroll of revelation
 t - 2 scrolls of enchant weapon
 x - 2 scrolls of fear
 B - 2 scrolls of brand weapon
 H - a scroll of amnesia
 I - a scroll of torment
Potions
 a - 5 potions of enlightenment
 f - a potion of attraction
 n - 6 potions of curing
 o - 4 potions of might
 p - 2 potions of brilliance
 u - 4 potions of mutation
 v - 3 potions of haste
 D - 2 potions of berserk rage
 F - 2 potions of ambrosia


   Skills:
 - Level 8.0 Fighting
 - Level 5.0 Dodging
 - Level 10.0 Unarmed Combat
 - Level 9.0 Invocations
 - Level 3.0 Evocations
 + Level 14.9 Shapeshifting


You had 11 spell levels left.
You knew the following spells:

 Your Spells              Type           Power      Damage    Failure   Level
a - Sting                 Conj/Alch      0%         1d3       26%         1

Your spell library contained the following spells:

 Spells                   Type           Power      Damage    Failure   Level
 Foxfire                  Conj/Fire      0%         2x1d4     26%         1
 Magic Dart               Conj           0%         1d3       26%         1
 Ensorcelled Hibernation  Hex/Ice        0%         N/A       36%         2
 Mercury Vapours          Alch/Air       0%         N/A       36%         2
 Searing Ray              Conj           0%         2d4       36%         2
 Sublimation of Blood     Necr           0%         N/A       36%         2
 Fugue of the Fallen      Necr           0%         N/A       58%         3
 Anguish                  Hex/Necr       0%         N/A       94%         4
 Fulminant Prism          Conj/Alch      0%         3d5       94%         4
 Olgreb's Toxic Radiance  Alch           0%         N/A       94%         4
 Petrify                  Alch/Erth      0%         N/A       94%         4
 Irradiate                Conj/Alch      0%         3d11      100%        5
 Plasma Beam              Fire/Air       0%         2x1d10    100%        6
 Starburst                Conj/Fire      0%         6d3       100%        6


Dungeon Overview and Level Annotations

Branches:
Dungeon (9/15) Zot: 25446  Temple (1/1) D:5 Zot: 5965    Lair (5/5) D:8 Zot: 24926
  Swamp (0/4) Lair:3       Spider (0/4) Lair:3        Slime (0/5) Lair:4
  Sewer (visited)
    Orc: D:9-12

Altars:
Ashenzari
Cheibriados
Dithmenos
Elyvilon
Fedhas
Gozag
Hepliaklqana
Kikubaaqudgha
Makhleb
Nemelex Xobeh
Okawaru
Qazlal
Ru
Sif Muna
Trog
Uskayaw
Vehumet
Wu Jian
Xom
Yredelemnul
Zin
The Shining One
Jiyva

Shops:
D:7 (   D:8 [   D:9 !

Annotations:
D:2 1 exclusion, Sigmund


Innate Abilities, Weirdness & Mutations

You are something dangerously unstable.
You glow with magical radiation, making you easy to see and hit.
Foes you strike become dangerously contaminated with magical radiation.
You are incapable of wielding weapons or throwing items.
You can breathe arcing electricity.
Your glossy black scales are hard. (AC +8)
You cannot fit into any form of body armour.
You are resistant to electric shocks. (rElec)
You are cold-blooded and may be slowed by cold attacks.


Message History

The elephant barely misses you. The elephant misses you.
The elephant completely misses you.
Your water moccasin zombie bites the komodo dragon but does no damage.
Aiming: Galvanic Breath
Press: ? - help, Shift-Dir - straight line, f/p - elephant
Aim: an elephant (umbra, 100% to hit)
The arc of electricity hits the elephant!
The elephant is struck by an electric surge!!
The elephant is moderately wounded.
The komodo dragon is struck by an electric surge!!!
You kill the komodo dragon!
Their soul becomes fuel for the torch.
Your water moccasin zombie is struck by an electric surge!!
Your water moccasin zombie is heavily damaged.
The elephant is heavily wounded.
The elephant closely misses you. The elephant completely misses you.
You hit the elephant but do no damage.
The elephant begins to glow.
You tail-slap the elephant, but do no damage.
The elephant is heavily wounded.
The elephant tramples you.
* * * LOW HITPOINT WARNING * * *
You stumble backwards!
You take 6 damage, and have 11/107 hp.
Aiming: Iceblast
Press: ? - help, Shift-Dir - straight line, p - elephant
Okay, then.
You hit the elephant but do no damage.
The elephant glows dangerously bright.
The elephant is heavily wounded.
Your water moccasin zombie bites the elephant but does no damage.
The elephant misses you. The elephant completely misses you.
You hit the elephant but do no damage.
The elephant shudders as magic cascades through it!
The elephant twists and deforms.
The elephant is severely wounded.
Your water moccasin zombie bites the elephant.
The elephant tramples you!
* * * LOW HITPOINT WARNING * * *
You hold your ground!
The elephant trunk-slaps you.
You die...
Your body rises from the dead as a mindless zombie.

. ### .. ###.#
..# ####...###..#
##.pYZ.......##
#...............
##...............
#..........$.....
###..............
#.......)......
#..)...........
###............
............


You could see an elephant (misshapen, ally target) and a friendly water moccasin
zombie.

Vanquished Creatures
  Erica (D:8)
  A two-headed ogre (D:9)
  2 boulder beetles (Lair:2)
  A skyshark (Lair:3)
  An elephant (Lair:1)
  4 cane toads
  Maggie (Lair:1)
  3 rime drakes
  5 komodo dragons
  A troll (D:7)
  A hornet (D:5)
  Grinder (D:3)
  2 polar bears (Lair:5)
  A blink frog (Lair:3)
  A jumping spider (Lair:3)
  A culicivora (Lair:3)
  3 wyverns
  6 yaks
  A basilisk (Lair:2)
  2 steam dragons
  11 water moccasins
  An acid dragon (D:8)
  4 black bears
  A cane toad zombie (Lair:5)
  2 orc warriors
  4 sky beasts
  2 crocodiles (Sewer)
  3 wolves
  4 centaurs
  2 phantoms (D:6)
  A rime drake zombie (Lair:5)
  A kobold brigand (D:9)
  3 bullfrogs
  2 scorpions (D:5)
  A water moccasin zombie (Lair:5)
  5 wights
  2 howler monkeys
  A bombardier beetle (D:4)
  A hound (D:5)
  A sleepcap (D:4)
  5 orc priests
  Jessica (D:2)
  An iguana (D:6)
  7 orc wizards
  A sickly merfolk siren (Sewer)
  A malarious merfolk avatar (Sewer)
  11 adders
  5 gnolls
  A river rat (Sewer)
  2 white imps
  3 ribbon worms
  2 dart slugs
  17 orcs
  13 ball pythons
  6 endoplasms
  5 giant cockroaches
  2 goblins
  12 hobgoblins
  2 jackals (D:4)
  12 kobolds
  10 quokkas
  6 bats
  6 frilled lizards
  25 rats
247 creatures vanquished.

Vanquished Creatures (collateral kills)
  An eleionoma (Lair:3)
  A hydra (Lair:4)
  A death yak (Lair:1)
  A fire crab (Lair:5)
  4 elephants (Lair:1)
  5 cane toads
  Joseph (D:8)
  A torpor snail (Lair:1)
  2 rime drakes
  Jeremiah (D:7)
  A komodo dragon (Lair:2)
  3 blink frogs (Lair:3)
  4 dream sheep (Lair:1)
  12 yaks
  2 wyverns
  Grum (Lair:1)
  A basilisk (Lair:1)
  6 water moccasins
  An ice beast (D:8)
  2 black bears (D:7)
  10 wolves
  A sky beast (D:7)
  A blink frog zombie (Lair:3)
  6 bullfrogs
  A gnoll sergeant (D:8)
  6 wights
  A jelly (D:6)
  2 orc priests
  A black bear zombie (D:7)
  3 gnolls (D:8)
  A shadow imp (D:8)
  A white imp (D:7)
  8 orcs
  A butterfly (Lair:1)
94 creatures vanquished.

Vanquished Creatures (others)
  A spectral catoblepas (Lair:5)
  2 cane toad zombies
  A fire crab zombie (Lair:5)
  A komodo dragon zombie (Lair:5)
  A wyvern zombie (D:9)
  2 polar bear zombies (Lair:5)
  4 yak zombies
  5 wolf zombies
  4 bullfrog zombies
  A black bear zombie (Lair:1)
  A human zombie (D:8)
  A hound zombie (D:5)
  2 gnoll zombies (D:8)
  16 orc zombies
42 creatures vanquished.

Grand Total: 383 creatures vanquished

Notes
Turn   | Place    | Note
-------+----------+-------------------------------------------
     0 | D:1      | 910rd the Draconian Shapeshifter began the quest for the
                  | Orb.
     0 | D:1      | Reached XP level 1. HP: 16/16 MP: 1/1
   105 | D:1      | Reached XP level 2. HP: 23/23 MP: 2/2
   471 | D:1      | Reached skill level 4 in Shapeshifting
   654 | D:1      | Reached XP level 3. HP: 28/28 MP: 3/3
  1286 | D:2      | Noticed Sigmund
  1518 | D:2      | Noticed Jessica
  1529 | D:2      | Killed Jessica
  1530 | D:2      | Reached XP level 4. HP: 34/35 MP: 4/4
  2256 | D:3      | Found a glowing drain.
  2299 | Sewer    | Entered a sewer
  2315 | Sewer    | Reached skill level 5 in Shapeshifting
  2333 | Sewer    | Noticed a crocodile
  2340 | Sewer    | Killed a crocodile
  2341 | Sewer    | Reached XP level 5. HP: 40/40 MP: 5/5
  2518 | Sewer    | Reached skill level 6 in Shapeshifting
  2720 | Sewer    | Noticed a crocodile
  2730 | Sewer    | Killed a crocodile
  2731 | Sewer    | Reached XP level 6. HP: 25/47 MP: 6/6
  3159 | D:4      | Found a bloodstained altar of Trog.
  3195 | D:4      | Found a shadowy altar of Dithmenos.
  3249 | D:4      | Found a stormy altar of Qazlal.
  3293 | D:4      | Found an iron altar of Okawaru.
  3495 | D:4      | Found a radiant altar of Vehumet.
  3517 | D:4      | Reached skill level 7 in Shapeshifting
  3952 | D:5      | Entered Level 5 of the Dungeon
  3980 | D:5      | Your scales start taking on a glossy black colour.
  3980 | D:5      | Reached XP level 7. HP: 55/57 MP: 7/7
  3980 | D:5      | Gained mutation: You are resistant to electric shocks.
                  | (rElec) [Black Draconian growth]
  4174 | D:5      | Reached skill level 5 in Unarmed Combat
  4202 | D:5      | Found a staircase to the Ecumenical Temple.
  4215 | Temple   | Entered the Ecumenical Temple
  4232 | Temple   | Became a worshipper of Yredelemnul the Fallen
  4273 | D:5      | Reached skill level 1 in Invocations
  4348 | D:5      | Noticed a hornet
  4364 | D:5      | Killed a hornet
  4365 | D:5      | Reached XP level 8. HP: 15/66 MP: 8/10
  4418 | D:5      | Reached skill level 5 in Fighting
  5222 | D:3      | Noticed Grinder
  5239 | D:3      | Killed Grinder
  5993 | D:6      | Reached skill level 8 in Shapeshifting
  5999 | D:6      | Reached * piety under Yredelemnul
  6283 | D:6      | Reached XP level 9. HP: 73/74 MP: 11/11
  6455 | D:6      | Found a blossoming altar of Fedhas.
  6483 | D:6      | Reached skill level 9 in Shapeshifting
  6629 | D:6      | Found an ornate altar of the Wu Jian Council.
  7126 | D:7      | Reached skill level 10 in Shapeshifting
  7142 | D:7      | Found Qoffymatz's Antique Weapon Shop.
  7286 | D:7      | Noticed a troll
  7293 | D:7      | Killed a troll
  7503 | D:7      | Noticed Jeremiah
  7508 | D:7      | Reached skill level 5 in Invocations
  7527 | D:7      | Killed Jeremiah
  7925 | D:8      | Noticed Joseph
  7932 | D:8      | Killed Joseph
  7933 | D:8      | Reached XP level 10. HP: 58/83 MP: 13/13
  7934 | D:8      | Reached ** piety under Yredelemnul
  7958 | D:8      | Found a staircase to the Lair.
  8015 | D:8      | Your ally Joseph died
  8543 | D:8      | Noticed Erica
  8562 | D:8      | Killed Erica
  8563 | D:8      | Reached skill level 11 in Shapeshifting
  8567 | D:8      | Learned a level 1 spell: Sting
  8686 | D:8      | Found Wuoce's Armour Shop.
  8916 | D:8      | Bought a +0 cloak for 58 gold pieces
  9121 | D:9      | Found a burning altar of Makhleb.
  9581 | D:9      | Found Veeheukk's Distillery.
  9617 | D:9      | Bought a potion of curing for 33 gold pieces
  9617 | D:9      | Bought a potion of curing for 33 gold pieces
  9617 | D:9      | Bought a potion of ambrosia for 88 gold pieces
  9730 | D:9      | Reached skill level 12 in Shapeshifting
  9766 | D:9      | Noticed a two-headed ogre
  9776 | D:9      | Reached skill level 1 in Evocations
  9804 | D:9      | Killed a two-headed ogre
 10048 | D:9      | Reached XP level 11. HP: 49/89 MP: 14/14
 10580 | Lair:1   | Entered Level 1 of the Lair of Beasts
 10580 | Lair:1   | Noticed Grum
 10588 | Lair:1   | Reached *** piety under Yredelemnul
 10598 | Lair:1   | Reached skill level 5 in Dodging
 10622 | Lair:1   | Killed Grum
 10840 | Lair:1   | Noticed a death yak
 10851 | Lair:1   | Killed a death yak
 11645 | Lair:1   | Found a stormy altar of Qazlal.
 11723 | Lair:1   | Noticed Maggie
 11740 | Lair:1   | Killed Maggie
 11992 | Lair:2   | Reached skill level 13 in Shapeshifting
 12075 | Lair:2   | Noticed a boulder beetle
 12091 | Lair:2   | Killed a boulder beetle
 12297 | Lair:2   | Reached **** piety under Yredelemnul
 12298 | Lair:2   | Reached XP level 12. HP: 88/96 MP: 18/18
 12564 | Lair:2   | Noticed a boulder beetle
 12578 | Lair:2   | Killed a boulder beetle
 13068 | Lair:3   | Noticed a catoblepas
 13080 | Lair:3   | Reached skill level 14 in Shapeshifting
 13082 | Lair:3   | Killed a catoblepas
 13082 | Lair:3   | Bound a catoblepas
 13177 | Lair:3   | Found a staircase to the Swamp.
 13177 | Lair:3   | Noticed an eleionoma
 13186 | Lair:3   | Killed an eleionoma
 13243 | Lair:3   | Found a hole to the Spider Nest.
 13726 | Lair:3   | Reached skill level 10 in Unarmed Combat
 14254 | Lair:4   | Found a viscous altar of Jiyva.
 14254 | Lair:4   | Found a staircase to the Slime Pits.
 14571 | Lair:4   | Noticed a five-headed hydra
 14579 | Lair:4   | Killed a five-headed hydra
 15361 | Lair:5   | Entered Level 5 of the Lair of Beasts
 15381 | Lair:5   | Identified the +3 morningstar "Ceobrott" {chaos, rPois
                  | SInv}
 15574 | Lair:5   | Noticed an eight-headed hydra
 15585 | Lair:5   | Reached XP level 13. HP: 52/107 MP: 19/19
 15680 | Lair:5   | HP: 2/107 [elephant (9)]
 15680 | Lair:5   | Slain by an elephant

Illustrated notes

Levels and vault maps discovered:
D:1:      wander_arrival_peaceful_grave, layout_basic, minmay_quantized
D:2:      layout_loops_ring, uniq_sigmund, uniq_jessica
D:3:      layout_basic, gup_sewer_entry_pipe, kennysheep_generic_room_8,
          uniq_grinder
D:4:      layout_basic, nicolae_vehumet_radiance, grunt_temple_overflow_open
D:5:      layout_basic, minmay_temple_entry_ruins
D:6:      layout_loops_corners, mainiacjoe_overflow_brackets, fedhas_altar_4
D:7:      layout_rooms, serial_shops, shop, uniq_jeremiah
D:8:      layout_cave_pools, lair_entry_dummy, kennysheep_windowed_goal,
          uniq_joseph, uniq_erica
D:9:      layout_basic, nicolae_overflow_crystal_walls, serial_shops,
          nicolae_shop_tiny_glass
Temple:   zaba_magenta_temple
Lair:1:   layout_regular_city, basic_altar, grunt_megastairs_1,
          infiniplex_staircase_pool_2, lemuel_fruit_fields, uniq_grum,
          uniq_maggie
Lair:2:   layout_chaotic_city, infiniplex_staircase_pool
Lair:3:   layout_cave_shapes, alex1729_swamp_entry_worm_eleionoma,
          spider_nest_entry_funnel_web
Lair:4:   layout_regular_city, slime_entry_1, minivault_27,
          chequers_serial_rivers_micro_c
Lair:5:   guppyfry_lair_end_dragon, layout_cave_pods

Skill      XL: |  1  2  3  4  5  6  7  8  9 10 11 12 |
---------------+-------------------------------------+-----
Shapeshifting  | 4 5 6 7 8 10 12 13 14 | 14.9
Fighting       | 3 5 6 8 |  8.0
Unarmed Combat | 5 6 7 8 9 10 | 10.0
Dodging        | 3 4 5 |  5.0
Invocations    | 3 5 8 9 |  9.0
Evocations     | 2 3 |  3.0

Action                     |  1- 3 |  4- 6 |  7- 9 | 10-12 | 13-15 || total
---------------------------+-------+-------+-------+-------+-------++-------
  Melee: Unarmed           |    83 |   233 |   281 |   381 |    10 ||   988
         Tailslap          |    12 |    22 |    45 |    93 |     2 ||   174
         Punch             |       |     6 |       |     1 |       ||     7
  Throw: Dart              |       |     3 |       |       |       ||     3
 Invoke: Light the Black T |       |       |     5 |     6 |       ||    11
         Recall Undead Har |       |       |       |     1 |     1 ||     2
         Bind Soul         |       |       |       |     1 |       ||     1
Ability: Galvanic Breath   |       |       |       |     2 |     1 ||     3
  Evoke: Wand              |       |       |     2 |     7 |     5 ||    14
    Use: Scroll            |     1 |     4 |     5 |    13 |     2 ||    25
         Potion            |       |     1 |     2 |     7 |     1 ||    11
   Stab: Sleeping          |     1 |       |       |       |       ||     1
         Distracted        |       |     1 |       |     5 |     1 ||     7
         Petrified         |       |       |       |    31 |       ||    31
         Petrifying        |       |       |       |     1 |       ||     1
 Armour: Skin              |    78 |   122 |   155 |   245 |    16 ||   616
  Dodge: Dodged            |    51 |   116 |   208 |   291 |    15 ||   681
   Form: Flux              |       |     1 |       |       |       ||     1

Table legend: (Time is in decaauts)
 A = Elapsed time spent in this place.
 B = Non-inter-level travel time spent in this place.
 C = Inter-level travel time spent in this place.
 D = Time resting spent in this place.
 E = Time spent auto-exploring this place.
 F = Levels seen in this place.
 G = Mean time per level.
                   A        B        C        D        E       F      G
               +--------+--------+--------+--------+--------+-----+--------+
         Total |  15677 |  15137 |    540 |   2372 |  10056 |  16 |  979.8 |
       Dungeon |   9846 |   9480 |    366 |   1387 |   6372 |   9 | 1094.0 |
        Temple |     34 |      2 |     32 |      0 |      0 |   1 |   34.0 |
          Lair |   5072 |   4930 |    142 |    754 |   3471 |   5 | 1014.4 |
         Sewer |    723 |    723 |      0 |    231 |    213 |   1 |  723.0 |
               +--------+--------+--------+--------+--------+-----+--------+

Top non-repeatable levels by time:
     D:9: 1528 daAuts
  Lair:1: 1407 daAuts
  Lair:3: 1348 daAuts
     D:1: 1257 daAuts
     D:3: 1181 daAuts
     D:8: 1113 daAuts
  Lair:4: 1100 daAuts
     D:6: 1059 daAuts
     D:5: 1033 daAuts
     D:7: 945 daAuts
  Lair:2: 902 daAuts
     D:2: 878 daAuts
     D:4: 849 daAuts
   Sewer: 723 daAuts
  Lair:5: 313 daAuts
